 Dungeon Crawl Stone Soup version 0.28-a0-1524-ge72afd5fc6 (webtiles) character file.

Game seed: 9658343633716667025

1162 HallandMoats the Skirmisher (level 8, -2/71 HPs)
             Began as a Ghoul Fighter on Jan 17, 2022.
             Was a Priest of Jiyva.
             Slain by an orc warrior (12 damage)
             ... on level 6 of the Dungeon.
             The game lasted 00:11:05 (5373 turns).

HallandMoats the Skirmisher (Ghoul Fighter)         Turns: 5373, Time: 00:11:06

Health: -2/71      AC:  8    Str: 20    XL:     8   Next: 39%
Magic:  7/7        EV: 10    Int:  5    God:    Jiyva [***...]
Gold:   174        SH:  4    Dex:  8    Spells: 7/7 levels left

rFire   . . .      SeeInvis .   k - +0 whip
rCold   + + .      Faith    .   c - +0 buckler
rNeg    + + +      Spirit   .   b - +0 scale mail
rPois   ∞          Reflect  .   (no helmet)
rElec   .          Harm     .   (no cloak)
rCorr   +          Rampage  .   (no gloves)
Will    .....                   m - +0 pair of boots
Stlth   ..........              (no amulet)
HPRegen 1.12/turn               j - ring of protection from cold
MPRegen 0.45/turn               (no ring)

@: inhibited regen
A: claws 1, cold resistance 1, negative energy resistance 3, inhibited
regeneration, torment resistance 2
a: Renounce Religion, Oozemancy


You were on level 6 of the Dungeon.
You worshipped Jiyva.
Jiyva was most pleased with you.
You visited 2 branches of the dungeon, and saw 7 of its levels.
You also visited: Sewer.

You collected 174 gold pieces.

Inventory:

Hand Weapons
 k - a +0 whip (weapon)
Armour
 b - a +0 scale mail (worn)
 c - a +0 buckler (worn)
 m - a +0 pair of boots (worn)
Jewellery
 d - a ring of fire
 i - a ring of protection from cold
 j - a ring of protection from cold (left claw)
Scrolls
 e - a scroll of vulnerability {unknown}
 g - a scroll of teleportation
 l - a scroll of holy word {unknown}
 n - a scroll of enchant armour {unknown}
 p - a scroll of blinking {unknown}
 r - a scroll of fear {unknown}
Potions
 a - a potion of flight
 f - 2 potions of heal wounds
 h - 2 potions of invisibility {unknown}
 o - a potion of ambrosia
 q - a potion of haste {unknown}


   Skills:
 * Level 6.5 Fighting
 * Level 5.0 Maces & Flails
 + Level 4.3 Armour
 + Level 3.0 Dodging
 + Level 4.3 Shields


You had 7 spell levels left.
You didn't know any spells.
Your spell library contained the following spells:

 Spells                   Type           Power      Damage    Failure   Level
 Magic Dart               Conj           0%         1d3       88%         1
 Call Imp                 Summ           0%         N/A       96%         2
 Scorch                   Fire           0%         2d5       96%         2
 Call Canine Familiar     Summ           0%         N/A       99%         3
 Mephitic Cloud           Conj/Pois/Air  0%         N/A       99%         3
 Portal Projectile        Hex/Tloc       0%         N/A       99%         3
 Tukima's Dance           Hex            0%         N/A       99%         3
 Animate Armour           Summ/Erth      0%         N/A       100%        4
 Flame Wave               Conj/Fire      0%         2d4       100%        4
 Leda's Liquefaction      Hex/Erth       0%         N/A       100%        4
 Olgreb's Toxic Radiance  Pois           0%         N/A       100%        4
 Passage of Golubria      Tloc           0%         N/A       100%        4
 Yara's Violent Unravell  Hex/Tmut       0%         3d3       100%        5
 Iron Shot                Conj/Erth      0%         9d1       100%        6
 Summon Cactus Giant      Summ           0%         N/A       100%        6
 Ozocubu's Refrigeration  Ice            0%         4d5       100%        7
 Ignition                 Fire           0%         3d3       100%        8
 Blade Hands              Tmut           Unusable   N/A       N/A         5

Dungeon Overview and Level Annotations

Branches:
Dungeon (6/15)             Temple (1/1) D:5           Sewer (visited)

Altars:
Dithmenos
Fedhas
Gozag
Hepliaklqana
Kikubaaqudgha
Makhleb
Nemelex Xobeh
Qazlal
Sif Muna
Trog
Uskayaw
Wu Jian
Xom
Yredelemnul
Jiyva

Shops:
D:2 ==([[   D:5 =

Annotations:
D:6 1 transporter, Grinder


Innate Abilities, Weirdness & Mutations

You thrive by killing the living.
You are immune to poison.
You have sharp fingernails.
Your flesh is cold resistant. (rC+)
You are immune to negative energy. (rN+++)
You do not regenerate when monsters are visible.
You are immune to unholy pain and torment.


Message History

The centaur is almost dead.
The centaur hits you with a +0 hand axe.
The centaur closely misses you.
The orc warrior hits you from afar with a +0 glaive.
You hear a series of splatters.
You hit the centaur.
You kill the centaur!
You feel better.
The orc warrior hits you from afar with a +0 glaive!
Your Maces & Flails skill increases to level 5!
Your Dodging skill increases to level 3!
You barely miss the sky beast.
The sky beast is moderately wounded.
You block the sky beast's attack. The orc warrior barely misses you.
You hit the sky beast but do no damage.
The sky beast is moderately wounded.
You hear a distant slurping noise.
The sky beast barely misses you.
You hit the sky beast.
The sky beast is moderately wounded.
The orc warrior hits you from afar with a +0 glaive!
You hear a distant slurping noise. x2
The sky beast closely misses you.
You hit the sky beast.
The sky beast is heavily wounded.
You block the orc warrior's attack.
You barely miss the sky beast.
The sky beast is heavily wounded.
The sky beast hits you but does no damage.
You hear a distant slurping noise.
You hear a squelching noise.
The orc warrior hits you from afar with a +0 glaive!
* * * LOW HITPOINT WARNING * * *
You barely miss the sky beast.
The sky beast is heavily wounded.
The sky beast hits you.
* * * LOW HITPOINT WARNING * * *
The sky beast shocks you.
* * * LOW HITPOINT WARNING * * *
The orc warrior hits you from afar with a +0 glaive!
You die...

## ....> ##. ....
...##... . ......
.. #.####.... .h.
#...$..(. ....
#.5.....# ....
####o#..#..#
##.@YooZ.....
#..####.©.###
##.## #### ##..#..
5... ##..##.##
.###. ##...#.... .
#....#..# ..
#....#.....
..######....##...#


You could see an orc warrior, a sky beast, 2 orcs and a bullfrog skeleton.

Vanquished Creatures
  An ogre (D:6)
  A necrophage (D:5)
  A centaur (D:6)
  A kobold brigand (Sewer)
  2 scorpions
  A water moccasin skeleton (D:4)
  A howler monkey (D:6)
  A bullfrog zombie (D:5)
  4 hounds
  A centaur skeleton (D:5)
  A gnoll shaman (D:4)
  2 orc priests
  3 iguanas
  An orc wizard (D:6)
  A hound zombie (D:5)
  A hound skeleton (D:4)
  5 gnolls (D:4)
  6 adders
  5 river rats
  A white imp (D:4)
  An ufetubus (D:6)
  An adder zombie (D:5)
  An adder skeleton (D:5)
  5 worms
  3 dart slugs
  12 orcs
  2 bats
  2 endoplasms
  8 giant cockroaches
  8 goblins
  2 hobgoblins (D:1)
  2 jackals (Sewer)
  11 kobolds
  A quokka (D:2)
  7 ball pythons
  3 frilled lizards
  10 rats
119 creatures vanquished.

Vanquished Creatures (others)
  Menkaure (D:4)
  A kobold brigand (Sewer)
  A scorpion (D:4)
  3 jellies (D:6)
  A howler monkey skeleton (D:6)
  Robin (D:4)
  3 gnolls (D:4)
  An adder (D:4)
  A river rat (Sewer)
  An adder skeleton (D:4)
  The ghost of comborobin the Sneak, a weakling MiDe (D:6)
  3 orcs
  9 goblins (D:4)
  2 hobgoblins (D:4)
  6 jackals
  3 kobolds
  5 ball pythons
  2 frilled lizards
  6 fungi (D:2)
  53 plants
104 creatures vanquished.

Grand Total: 223 creatures vanquished

Notes
Turn   | Place    | Note
-------+----------+-------------------------------------------
     0 | D:1      | HallandMoats the Ghoul Fighter began the quest for the Orb.
     0 | D:1      | Reached XP level 1. HP: 19/19 MP: 0/0
   208 | D:1      | Reached XP level 2. HP: 8/26 MP: 1/1
   752 | D:2      | Found Inublu's Armour Shoppe.
   765 | D:2      | Found Joamu's Antique Armour Emporium.
   832 | D:2      | Reached XP level 3. HP: 20/33 MP: 2/2
   962 | D:2      | Found a faded altar of an unknown god.
   974 | D:2      | Prayed at the altar of an unknown god.
   974 | D:2      | Became a worshipper of Jiyva Jokkown the Shapeless
   974 | D:2      | Reached * piety under Jiyva
  1077 | D:2      | Found Haliov's Antique Weapon Shop.
  1115 | D:2      | Found Gituiha's Jewellery Boutique.
  1422 | D:2      | Reached skill level 4 in Fighting
  1422 | D:2      | Reached XP level 4. HP: 40/40 MP: 3/3
  1443 | D:2      | Reached ** piety under Jiyva
  1710 | D:2      | Found Hepontuk's Jewellery Shop.
  1954 | D:3      | Reached skill level 1 in Dodging
  2061 | D:3      | Found a basalt altar of Yredelemnul.
  2209 | D:3      | Reached XP level 5. HP: 20/46 MP: 4/4
  2592 | D:4      | Found a shimmering altar of Xom.
  2634 | D:4      | Killed Menkaure
  2647 | D:4      | Reached *** piety under Jiyva
  2733 | D:4      | Found a glowing drain.
  2810 | Sewer    | Entered a sewer
  2847 | Sewer    | Noticed a kobold brigand
  2870 | Sewer    | Reached XP level 6. HP: 49/53 MP: 5/5
  3014 | Sewer    | Reached skill level 5 in Fighting
  3572 | D:4      | Reached XP level 7. HP: 47/61 MP: 6/6
  3584 | D:4      | Killed Robin
  3761 | D:4      | Found a shadowy altar of Dithmenos.
  4084 | D:5      | Entered Level 5 of the Dungeon
  4143 | D:5      | Reached **** piety under Jiyva
  4475 | D:5      | Found a staircase to the Ecumenical Temple.
  4555 | D:5      | Found Cemotaf's Jewellery Shop.
  4731 | Temple   | Entered the Ecumenical Temple
  4970 | D:6      | Found a hazy altar of Hepliaklqana.
  5010 | D:5      | Reached skill level 6 in Fighting
  5086 | D:5      | Reached XP level 8. HP: 63/70 MP: 7/7
  5273 | D:6      | Killed comborobin's ghost
  5322 | D:6      | Found a transporter.
  5333 | D:6      | Noticed Grinder
  5368 | D:6      | Reached skill level 5 in Maces & Flails
  5373 | D:6      | Slain by an orc warrior

Illustrated notes

Levels and vault maps discovered:
D:1:      grunt_arrival_crossed_arrows, layout_rooms, minmay_misc_feat_square
D:2:      layout_loops_ring, shapermc_ecumenical_altar_mp_urbaneastern,
          serial_shops, nicolae_lakefront_shop, nicolae_square_shop, shop,
          nicolae_shop_statue_plus, shop, kennysheep_path_1
D:3:      layout_loops_ring, nicolae_overflow_crystal_walls
D:4:      layout_basic, xom_teletrap_fun, nicolae_dithmenos_shadow_blocks,
          portal_sewer_entry_b, serial_bayou_pond_b,
          nicolae_concentric_dashed_squares_mild, minivault_19, uniq_robin,
          uniq_menkaure
D:5:      layout_rooms, minmay_temple_entry_arrows, serial_shops,
          shop_fountains, corner_web_ring
D:6:      layout_rooms, vehumet_statue, nicolae_hepliaklqana_hazy_memory,
          gammafunk_ghost_stat_death, minmay_curled_crystal, uniq_grinder
Temple:   jpeg_temple_alley_garden

Skill      XL: |  1  2  3  4  5  6  7  8 |
---------------+-------------------------+-----
Maces & Flails | 2 3 4 5 |  5.0
Shields        | 3 4 |  4.3
Fighting       | 4 5 6 |  6.5
Armour         | 3 4 |  4.3
Dodging        | 1 2 3 |  3.0

Action                   |  1- 3 |  4- 6 |  7- 9 || total
-------------------------+-------+-------+-------++-------
Melee: Club              |    35 |       |       ||    35
       Flail             |     1 |       |       ||     1
       Whip              |   142 |   442 |   323 ||   907
Invok: Slimify           |       |       |     2 ||     2
  Use: Potion            |       |     2 |       ||     2
       Scroll            |       |     5 |       ||     5
Armor: Scale mail        |    70 |   210 |   153 ||   433
Dodge: Dodged            |    65 |   193 |   197 ||   455
Block: Buckler           |    31 |    87 |    74 ||   192

Table legend: (Time is in decaauts)
 A = Elapsed time spent in this place.
 B = Non-inter-level travel time spent in this place.
 C = Inter-level travel time spent in this place.
 D = Time resting spent in this place.
 E = Time spent auto-exploring this place.
 F = Levels seen in this place.
 G = Mean time per level.
                   A        B        C        D        E       F      G
               +--------+--------+--------+--------+--------+-----+--------+
         Total |   5472 |   5219 |    253 |    246 |   3349 |   8 |  684.0 |
       Dungeon |   4541 |   4342 |    199 |    241 |   2761 |   6 |  756.8 |
        Temple |    227 |    174 |     53 |      0 |    170 |   1 |  227.0 |
         Sewer |    703 |    703 |      0 |      5 |    417 |   1 |  703.0 |
               +--------+--------+--------+--------+--------+-----+--------+

Top non-repeatable levels by time:
     D:4: 1040 daAuts
     D:2: 1033 daAuts
     D:1: 760 daAuts
     D:5: 707 daAuts
     D:3: 706 daAuts
   Sewer: 703 daAuts
     D:6: 293 daAuts
  Temple: 227 daAuts
